 Dungeon Crawl Stone Soup version 0.24.0-29-g8ce449bc06 (webtiles) character file.

Game seed: 2209034060949560289, levelgen mode: deterministic

6212 Matador8 the Skirmisher (level 10, -3/79 HPs)
             Began as a Demonspawn Warper on Nov 15, 2019.
             Was a Priest of Kikubaaqudgha.
             Splashed by an orc warrior's acid (14 damage)
             ... on level 10 of the Dungeon.
             The game lasted 01:24:29 (12856 turns).

Matador8 the Skirmisher (Demonspawn Warper)        Turns: 12856, Time: 01:24:29

Health: -3/79      AC: 13    Str: 15    XL:     10   Next: 61%
Magic:  13/13      EV: 13    Int: 16    God:    Kikubaaqudgha [***...]
Gold:   89         SH:  0    Dex: 13    Spells: 8/13 levels left

rFire    . . .     SeeInvis .     - Unarmed
rCold    . . .     Gourm    .   (no shield)
rNeg     . . .     Faith    .   G - +0 scale mail
rPois    .         Spirit   .   X - +0 helmet
rElec    .         Reflect  .   s - +2 cloak {+Inv}
rCorr    .         Harm     .   (no gloves)
MR       +....                  Q - +0 pair of boots
Stlth    ..........             h - amulet of regeneration
HPRegen  0.63/turn              w - ring of protection from magic
MPRegen  0.13/turn              J - +2 ring of intelligence

@: lethally poisoned (-3 -> -3)
A: claws 2, repulsion field 1, foul stench 1, rot immunity
a: Receive Corpses, Renounce Religion, Evoke Invisibility


You were on level 10 of the Dungeon.
You worshipped Kikubaaqudgha.
Kikubaaqudgha was most pleased with you.
You were not hungry.

You visited 2 branches of the dungeon, and saw 11 of its levels.
You also visited: Sewer and Ossuary.

You collected 540 gold pieces.
You spent 451 gold pieces at shops.

Inventory:

Hand Weapons
 a - a +0 mace
 y - a +1 short sword of speed
 A - a +0 flail
Missiles
 e - 7 boomerangs of dispersal
 t - 311 stones
 x - 39 poisoned darts (quivered)
 D - 6 datura-tipped darts
 E - 6 atropa-tipped darts
Armour
 c - a +0 ring mail
 s - a +2 cloak of invisibility (worn)
 G - a +0 scale mail (worn)
 P - a +1 leather armour of poison resistance
 Q - a +0 pair of boots (worn)
 R - a +0 chain mail
 X - a +0 helmet (worn)
Jewellery
 h - an amulet of regeneration (around neck)
 i - an uncursed ring of resist corrosion
 r - an uncursed ring of poison resistance
 w - a ring of protection from magic (left claw)
 J - a +2 ring of intelligence (right claw)
Wands
 O - a wand of flame (28)
 S - a wand of polymorph (8)
 U - a wand of random effects (14)
 V - a wand of digging (2)
Scrolls
 d - a scroll of blinking
 g - a scroll of identify
 j - a scroll of fear {unknown}
 k - 2 scrolls of teleportation
 m - 6 scrolls of amnesia
 n - 6 scrolls of remove curse
 o - 6 scrolls of immolation
 p - 5 scrolls of noise
 q - 4 scrolls of enchant armour {unknown}
 u - a scroll of fog {unknown}
 C - 4 scrolls of enchant weapon {unknown}
 K - a scroll of holy word {unknown}
 L - 2 scrolls of magic mapping
 T - 5 scrolls of random uselessness {unknown}
Potions
 v - 2 potions of lignification {unknown}
 z - 4 potions of haste
 B - 5 potions of flight
 F - a potion of agility {unknown}
 H - 3 potions of curing {unknown}
 I - 4 potions of mutation {unknown}
 M - 2 potions of might {unknown}
 N - a potion of brilliance {unknown}
Miscellaneous
 W - a sack of spiders
Comestibles
 f - 22 rations
 l - 4 chunks of flesh


   Skills:
 + Level 7.6 Fighting
 - Level 4.0 Maces & Flails
 - Level 2.0 Throwing
 - Level 6.4 Armour
 - Level 4.4 Dodging
 - Level 7.3 Unarmed Combat
 - Level 2.0 Spellcasting
 - Level 1.5 Charms
 - Level 3.2 Necromancy
 - Level 3.5 Translocations
 - Level 5.2 Evocations


You had 8 spell levels left.
You knew the following spells:

 Your Spells              Type           Power        Failure   Level  Hunger
a - Blink                 Tloc           N/A          26%         2    ###....
b - Regeneration          Chrm/Necr      #.........   61%         3    ###....

Your spell library contained the following spells:

 Spells                   Type           Power        Failure   Level  Hunger
 Pain                     Necr           ##..         19%         1    #......
 Corpse Rot               Necr           N/A          28%         2    ###....
 Sublimation of Blood     Necr           ##........   28%         2    ###....
 Shroud of Golubria       Chrm/Tloc      #.....       36%         2    ###....
 Gell's Gravitas          Tloc           ##........   45%         3    ###....
 Lesser Beckoning         Tloc           ##........   45%         3    ###....
 Teleport Other           Tloc           ##......     45%         3    ###....
 Beastly Appendage        Tmut           #.....       56%         1    #......
 Sticks to Snakes         Tmut           #.......     71%         2    ###....
 Passage of Golubria      Tloc           N/A          86%         4    #####..
 Spider Form              Tmut/Pois      #.........   91%         3    ###....
 Agony                    Necr           ##......     99%         5    ######.
 Dispel Undead            Necr           ##......     99%         5    ######.
 Cause Fear               Hex            #.........   100%        4    #####..
 Ice Form                 Ice/Tmut       #.......     100%        4    #####..
 Blade Hands              Tmut           #.........   100%        5    ######.
 Bolt of Magma            Conj/Fire/Erth #.........   100%        5    ######.
 Excruciating Wounds      Chrm/Necr      #.........   100%        5    ######.
 Iskenderun's Battlesphe  Conj/Chrm      #.......     100%        5    ######.
 Silence                  Hex/Air        #.........   100%        5    ######.
 Venom Bolt               Conj/Pois      #.........   100%        5    ######.
 Yara's Violent Unravell  Hex/Tmut       #.........   100%        5    ######.
 Death Channel            Necr           ##........   100%        6    #######
 Deflect Missiles         Chrm/Air       #.........   100%        6    #######
 Iron Shot                Conj/Erth      #.........   100%        6    #######
 Simulacrum               Ice/Necr       #.........   100%        6    #######
 Orb of Destruction       Conj           #.........   100%        7    #######
 Spellforged Servitor     Conj/Summ      #.........   100%        7    #######
 Discord                  Hex            #.........   100%        8    #######


Dungeon Overview and Level Annotations

Branches:
Dungeon (10/15)            Temple (1/1) D:5            Lair (0/6) D:9
  Sewer (visited)         Ossuary (visited)
    Orc: D:9-12

Altars:
Ashenzari
Cheibriados
Dithmenos
Elyvilon
Fedhas
Gozag
Hepliaklqana
Kikubaaqudgha
Makhleb
Nemelex Xobeh
Okawaru
Qazlal
Ru
Sif Muna
Trog
Uskayaw
Vehumet
Wu Jian
Xom
Yredelemnul
Zin
The Shining One

Shops:
D:5 *[   D:10 %

Annotations:
D:2 exclusion: adder
D:5 2 transporters
D:8 exclusion: oklob plant


Innate Abilities, Weirdness & Mutations

You have very sharp fingernails.
You are surrounded by a mild repulsion field. (EV +2)
You may emit foul miasma when damaged in melee.
You are immune to rotting.


Message History

You are poisoned.
The worker ant poisons you!
You emit a cloud of foul miasma!
You feel sick.
The worker ant is engulfed in dark miasma.
The worker ant is poisoned.
The worker ant seems to slow down.
Your surroundings suddenly seem different.
Evoke which item? (* to show all) (? for menu, Esc to quit)
You reach into the bag... ...but nothing happens.
You feel sick.
Evoke which item? (* to show all) (? for menu, Esc to quit)
You reach into the bag... ...and things crawl out!
The bullfrog is caught in a web!
The orc warrior evades a web.
The bullfrog struggles to get unstuck from the web.
The orc warrior hits you with a +0 short sword!
* * * LOW HITPOINT WARNING * * *
You feel sick.
The bullfrog tears the web.
The orc warrior zaps a wand.
The bolt of acid hits you!
* * * LOW HITPOINT WARNING * * *
You are splashed with acid!
You die...
Kikubaaqudgha rasps: "You have failed me!
Welcome... death!"

#........# . .. ......##........#
..#. #.....##........# .#.
##.....##..[.....# ..
......##........#### #.
#.....#.....#####...
####.#########..a..#.....#####.##
..........................#......
....>)......a.o.@........##.##...
.............F...................
...........o#..aa........##....#.
..#......##.#...........###....#.
. #......##.#............##....#.
#...............###....##....#.
.................# #.....#....##
......###.#####...# #.....#....##
...... ### ###.# #..........#


You could see an orc warrior, a bullfrog, a worker ant, an orc, 2 friendly
soldier ants and a friendly worker ant.

Vanquished Creatures
  A troll (D:9)
  3 hippogriffs
  A vampire (D:9)
  A wyvern (D:10)
  A hungry ghost (D:10)
  A hog (D:8)
  3 phantoms
  2 ice beasts
  A sky beast (D:9)
  4 ogres
  2 wolves (D:9)
  5 black bears
  A centaur (D:9)
  7 bullfrogs
  2 wyvern skeletons
  2 scorpions
  12 killer bees
  7 howler monkeys
  3 electric eels (D:9)
  3 crimson imps
  A jelly (D:7)
  3 centaur zombies
  A human zombie (Ossuary)
  7 orc priests
  11 hounds
  6 orc wizards
  2 bullfrog skeletons
  2 iguanas
  2 worker ants
  3 hound skeletons
  4 mummies (Ossuary)
  A worker ant zombie (D:8)
  A gnoll (D:5)
  9 adders
  A shadow imp (D:6)
  3 oozes
  3 adder zombies
  An adder skeleton (D:4)
  3 worms
  2 dart slugs
  2 leopard geckos (D:3)
  33 orcs
  6 ball pythons
  7 bats
  5 giant cockroaches
  9 goblins
  10 hobgoblins
  17 jackals
  12 kobolds
  2 quokkas
  7 frilled lizards
  A giant cockroach zombie (D:5)
  3 goblin zombies (Ossuary)
  A hobgoblin zombie (Ossuary)
  A jackal skeleton (D:5)
  A jackal zombie (D:6)
  A kobold zombie (Ossuary)
  A leopard gecko zombie (D:5)
  An orc zombie (Ossuary)
  8 rats
  2 plants (Sewer)
258 creatures vanquished.

Vanquished Creatures (others)
  A plant (Sewer)
1 creature vanquished.

Grand Total: 259 creatures vanquished

Notes
Turn   | Place    | Note
-------+----------+-------------------------------------------
     0 | D:1      | Matador8 the Demonspawn Warper began the quest for the Orb.
     0 | D:1      | Reached XP level 1. HP: 16/16 MP: 3/3
    18 | D:1      | Reached skill level 1 in Throwing
   402 | D:1      | Gained mutation: You are immune to rotting. [demonic
                  | ancestry]
   402 | D:1      | Reached XP level 2. HP: 19/22 MP: 5/5
   411 | D:1      | Learned a level 2 spell: Blink
   758 | D:1      | Reached XP level 3. HP: 26/27 MP: 6/6
  1829 | D:2      | Found a snail-covered altar of Cheibriados.
  2417 | D:3      | Gained mutation: You are surrounded by a mild repulsion
                  | field. (EV +2) [demonic ancestry]
  2417 | D:3      | Reached XP level 4. HP: 32/33 MP: 7/7
  2459 | D:3      | Found a glowing drain.
  2502 | Sewer    | Entered a sewer
  3424 | D:3      | Gained mutation: You have sharp fingernails. [demonic
                  | ancestry]
  3424 | D:3      | Reached XP level 5. HP: 36/39 MP: 8/8
  3812 | D:2      | Found an opulent altar of Gozag.
  3815 | D:2      | Found a shimmering blue altar of Sif Muna.
  3865 | D:4      | Noticed a phantom
  3960 | D:3      | Reached skill level 1 in Unarmed Combat
  4210 | D:4      | Noticed a troll
  5058 | D:4      | Gained mutation: You have very sharp fingernails. [demonic
                  | ancestry]
  5058 | D:4      | Reached XP level 6. HP: 37/46 MP: 9/9
  5370 | D:5      | Entered Level 5 of the Dungeon
  5394 | D:5      | Found Haureut's General Store.
  5427 | D:5      | Bought 4 boomerangs of dispersal for 60 gold pieces
  5427 | D:5      | Bought a scroll of identify for 20 gold pieces
  5832 | D:5      | Found a bloodstained altar of Trog.
  5865 | D:5      | Found a staircase to the Ecumenical Temple.
  5873 | Temple   | Entered the Ecumenical Temple
  6093 | Temple   | Became a worshipper of Kikubaaqudgha
  6171 | D:5      | Reached XP level 7. HP: 41/51 MP: 10/10
  6177 | D:5      | Found a transporter.
  6184 | D:5      | Found a transporter.
  6190 | D:5      | Found Woenih's Antique Armour Emporium.
  6387 | D:5      | Noticed a kobold demonologist
  6856 | D:3      | Reached skill level 5 in Unarmed Combat
  7163 | D:6      | Gained mutation: You may emit foul miasma when damaged in
                  | melee. [demonic ancestry]
  7163 | D:6      | Reached XP level 8. HP: 36/57 MP: 3/11
  7460 | D:6      | Found a shimmering blue altar of Sif Muna.
  7684 | D:6      | Reached * piety under Kikubaaqudgha
  7684 | D:6      | Identified Kikubaaqudgha's Papyrus of Stolen Souls
                  | (Kikubaaqudgha gifted it to you on level 6 of the Dungeon)
  7684 | D:6      | Received a gift from Kikubaaqudgha
  7695 | D:6      | Learned a level 3 spell: Regeneration
  7816 | D:6      | Reached skill level 1 in Necromancy
  8027 | D:6      | Reached skill level 1 in Charms
  8312 | D:6      | Reached skill level 5 in Fighting
  8410 | D:7      | Reached skill level 1 in Armour
  8524 | D:7      | Reached XP level 9. HP: 60/68 MP: 12/12
  9136 | D:8      | Found a sand-covered staircase.
  9141 | Ossuary  | Entered an ossuary
  9179 | Ossuary  | Reached ** piety under Kikubaaqudgha
  9602 | D:8      | Found a blossoming altar of Fedhas.
  9605 | D:8      | Noticed an oklob plant
  9638 | D:8      | Noticed Psyche
 10147 | D:8      | Reached skill level 1 in Evocations
 10655 | D:9      | Noticed a troll
 10790 | D:9      | Reached skill level 5 in Armour
 10790 | D:9      | Reached XP level 10. HP: 33/76 MP: 13/13
 11128 | D:9      | Reached *** piety under Kikubaaqudgha
 11128 | D:9      | Identified Kikubaaqudgha's Grimoire of Evil Rituals
                  | (Kikubaaqudgha gifted it to you on level 9 of the Dungeon)
 11128 | D:9      | Received a gift from Kikubaaqudgha
 11700 | D:9      | Found a staircase to the Lair.
 11966 | D:8      | Noticed Psyche
 11966 | D:8      | Psyche changed into Psyche the hog
 11976 | D:8      | Killed Psyche the hog
 12206 | D:5      | Bought a runed cloak for 232 gold pieces
 12316 | D:5      | Bought a pair of boots for 139 gold pieces
 12418 | D:10     | Entered Level 10 of the Dungeon
 12580 | D:10     | Found Barasog's Food Emporium.
 12693 | D:10     | Reached skill level 5 in Evocations
 12856 | D:10     | Splashed by an orc warrior's acid

Levels and vault maps discovered:
D:1:      co_arrival_random_square_maze, layout_loops_ring, minmay_domino_4
D:2:      cheibrodos_old_hovel, layout_loops_corners,
          nicolae_overflow_hidden_temple
D:3:      layout_rooms, cheibrodos_sewer_entry_bend, minmay_misc_feat_enclosed
D:4:      layout_cave_pods, first_ration, nrook_uturn, lightli_corner_chamber
D:5:      gammafunk_wand_slinger, layout_cave_pools, old_standard_altar,
          minmay_temple_entry_statues_pillars, serial_shops, shop,
          nicolae_shop_crystal, minmay_bent
D:6:      layout_loops_cross, led_sif_book
D:7:      layout_cave_pools, bh_walls_and_bars
D:8:      layout_loops_cross, lightli_ossuary_entry_decrepit_ruins,
          grunt_ogre_cave, grunt_decor_cap, hangedman_tree_tricks, uniq_psyche
D:9:      layout_loops_ring, erik_lair_island
D:10:     layout_basic, serial_shops, nicolae_shop_stone,
          nicolae_underground_beach
Temple:   dpeg_five_rooms_temple

Skill      XL: |  1  2  3  4  5  6  7  8  9 10 |
---------------+-------------------------------+-----
Throwing       | 1 2 |  2.0
Maces & Flails | 2 3 4 |  4.0
Translocations | 3 |  3.5
Unarmed Combat | 2 4 6 7 |  7.3
Fighting       | 5 6 7 |  7.6
Necromancy     | 3 |  3.2
Charms         | 1 |  1.5
Armour         | 1 5 6 |  6.4
Dodging        | 2 4 |  4.4
Evocations     | 3 5 |  5.2
Spellcasting   | |  2.0

Action                   |  1- 3 |  4- 6 |  7- 9 | 10-12 || total
-------------------------+-------+-------+-------+-------++-------
Melee: Mace              |   156 |   293 |       |       ||   449
       Flail             |       |    98 |       |       ||    98
       Punch             |       |     3 |    13 |       ||    16
       Unarmed           |       |    46 |   486 |   144 ||   676
Throw: Dart              |       |    52 |    57 |    13 ||   122
       Boomerang         |       |     2 |       |       ||     2
 Cast: Blink             |     1 |     9 |    11 |     1 ||    22
Evoke: Wand              |       |       |       |    15 ||    15
       Sack of spiders   |       |       |       |     2 ||     2
  Use: Scroll            |     2 |     3 |     8 |     5 ||    18
       Potion            |       |     1 |     2 |     1 ||     4
  Eat: Chunk             |     4 |    11 |    13 |     4 ||    32
       Ration            |       |     1 |     1 |     1 ||     3
Armor: Leather armour    |    37 |    58 |    28 |       ||   123
       Ring mail         |       |     4 |    57 |       ||    61
       Scale mail        |       |       |     6 |    67 ||    73
Dodge: Dodged            |   111 |   279 |   366 |   126 ||   882
